 Dungeon Crawl Stone Soup version 0.29-a0-982-gaed3a0c8d8 (webtiles) character file.

Game seed: 13720336096754625484

19 Newt the Insei (level 2, -4/18 HPs)
             Began as an Octopode Transmuter on Aug 1, 2022.
             Slain by Sigmund
             ... wielding a +0 scythe
              (6 damage)
             ... on level 2 of the Dungeon.
             The game lasted 00:01:04 (838 turns).

Newt the Insei (Octopode Transmuter)                 Turns: 838, Time: 00:01:05

Health: -4/18      AC:  1    Str:  9    XL:     2   Next: 75%
Magic:  3/5        EV: 13    Int: 15    God:
Gold:   81         SH:  0    Dex: 12    Spells: 2/5 levels left

rFire   . . .      SeeInvis .     - Unarmed
rCold   . . .      Faith    .   (no shield)
rNeg    . . .      Spirit   .   (helmet restricted)
rPois   .          Reflect  .   (no amulet)
rElec   .          Harm     .   (no ring)
rCorr   .          Rampage  .   (no ring)
Will    .....                   (no ring)
Stlth   ++........              (no ring)
HPRegen 0.06/turn               (no ring)
MPRegen 0.09/turn               (no ring)
                                (no ring)
                                (no ring)

@: confused, wereblooded
A: almost no armour, amphibious, 8 rings, camouflage 1, gelatinous body 1,
(nimble swimmer 1), tentacles
a: no special abilities


You were on level 2 of the Dungeon.
You visited 1 branch of the dungeon, and saw 2 of its levels.

You collected 81 gold pieces.

Inventory:

Scrolls
 b - a scroll of immolation {unknown}
 d - a scroll of identify {unknown}
 e - a scroll of vulnerability {unknown}
Potions
 a - a potion of lignification
 c - a potion of flight {unknown}


   Skills:
 + Level 1.0 Fighting
 + Level 2.1 Dodging
 + Level 0.2 Stealth
 + Level 3.5 Unarmed Combat
 + Level 2.1 Spellcasting
 + Level 2.1 Transmutations


You had 2 spell levels left.
You knew the following spells:

 Your Spells              Type           Power      Damage    Failure   Level
a - Beastly Appendage     Tmut           16%        N/A       9%          1
b - Wereblood             Tmut           8%         N/A       14%         2

Your spell library contained the following spells:

 Spells                   Type           Power      Damage    Failure   Level
 Spider Form              Tmut/Pois      4%         N/A       38%         3
 Ice Form                 Ice/Tmut       4%         N/A       80%         4


Dungeon Overview and Level Annotations

Branches:
Dungeon (2/15)

Altars:

Annotations:
D:2 Sigmund


Innate Abilities, Weirdness & Mutations

You cannot wear most types of armour.
You are amphibious.
You can wear up to eight rings at the same time.
Your skin changes colour to match your surroundings (Stealth+).
Your rubbery body absorbs attacks. (AC +1, EV +1)
((You are camouflaged when in or above water. (Stealth+)))
You have tentacles for arms and can constrict up to eight enemies at once.


Message History

You constrict Sigmund. You tentacle-slap Sigmund.
You pierce Sigmund, but do no damage.
Sigmund is heavily wounded.
You constrict Sigmund.
A rat comes into view.
Sigmund casts a spell at you.
You are confused.
You bump into the rock wall.
You constrict Sigmund. Sigmund completely misses you.
You're too confused to move!
You constrict Sigmund. Sigmund casts a spell at you.
You resist with significant effort.
You tentacle-slap Sigmund.
Sigmund is severely wounded.
You constrict Sigmund. Sigmund barely misses you.
You tentacle-slap Sigmund.
Your tentacle spike misses Sigmund.
Sigmund is severely wounded.
You constrict Sigmund.
You release your grip on Sigmund.
You howl as the wereblood boils in your veins!
Sigmund casts a spell at you. The puff of flame hits you!
Ouch! That really hurt!
An adder comes into view.
You're too confused to move!
You howl as the wereblood boils in your veins!
Your tentacle spike disappears.
Sigmund drinks a potion.
Sigmund is healed!
You howl as the wereblood boils in your veins!
Sigmund hits you from afar with a +0 scythe.
* * * LOW HITPOINT WARNING * * *
Things that are here:
a +0 dagger; a goblin corpse You howl as the wereblood boils in your veins!
You feel less confused. Sigmund gestures at you while chanting.
You are confused.
Sigmund screams, "Only death can liberate you!"
Sigmund hits you from afar with a +0 scythe.
You die...

... ###..#
....# ..#.#
#.#.# #r#.#
#@#.# #..@#
#####.)##.###
#...S<......#
#.......###.#
#.......#
#..#######
#... ..# ..


You could see Sigmund and an adder.

Vanquished Creatures
  A dart slug (D:1)
  An endoplasm (D:1)
  A giant cockroach (D:1)
  A hobgoblin (D:1)
  2 ball pythons (D:1)
  2 bats (D:1)
  4 frilled lizards
  2 goblins
  3 kobolds (D:1)
  2 rats (D:1)
19 creatures vanquished.

Notes
Turn   | Place    | Note
-------+----------+-------------------------------------------
     0 | D:1      | Newt the Octopode Transmuter began the quest for the Orb.
     0 | D:1      | Reached XP level 1. HP: 13/13 MP: 3/3
   407 | D:1      | Reached XP level 2. HP: 14/18 MP: 3/5
   492 | D:1      | Learned a level 2 spell: Wereblood
   820 | D:2      | Noticed Sigmund
   838 | D:2      | Slain by Sigmund

Illustrated notes

Levels and vault maps discovered:
D:1:      dpeg_arrival_long_road, layout_loops_corners
D:2:      layout_rooms, hellmonk_ecumenical_altar_prayer_group, uniq_sigmund,
          uniq_terence

Action                   || total
-------------------------++-------
Melee: Unarmed           ||    35
       Constrict         ||    11
       Tentacles         ||     8
       Punch             ||     1
       Kick              ||     5
 Cast: Beastly Appendage ||     3
       Wereblood         ||     1
 Stab: Sleeping          ||     7
Dodge: Dodged            ||    18

Table legend: (Time is in decaauts)
 A = Elapsed time spent in this place.
 B = Non-inter-level travel time spent in this place.
 C = Inter-level travel time spent in this place.
 D = Time resting spent in this place.
 E = Time spent auto-exploring this place.
 F = Levels seen in this place.
 G = Mean time per level.
                   A        B        C        D        E       F      G
               +--------+--------+--------+--------+--------+-----+--------+
         Total |    835 |    835 |      0 |      0 |    715 |   2 |  417.5 |
       Dungeon |    835 |    835 |      0 |      0 |    715 |   2 |  417.5 |
               +--------+--------+--------+--------+--------+-----+--------+

Top non-repeatable levels by time:
     D:1: 818 daAuts
     D:2: 17 daAuts
